 Dungeon Crawl Stone Soup version bcrawl-1.37.2 (webtiles) character file.

Game seed: 11712450556051825713

103964 Baz the Firebug (level 2, -1/20 HPs)
             Began as a Djinni Fire Elementalist on Feb 12, 2023.
             Slain by a leopard gecko (2 damage)
             ... on level 1 of the Dungeon.
             The game lasted 00:00:44 (291 turns).

Baz the Firebug (Djinni Fire Elementalist)           Turns: 291, Time: 00:00:45

Health: -1/20      AC:  2    Str: 10    XL:     2   Next: 13%
Magic:  1/6        EV: 12    Int: 17    God:
Gold:   45         SH:  0    Dex: 11    Spells: 6/7 levels left

rFire    . . .     GDR:     23% b - +0 dagger
rCold    . . .     SeeInvis .   (no shield)
rNeg     . . .     Gourm    .   a - +0 robe
rPois    .         Faith    .   (no helmet)
rElec    .         Spirit   .   (no cloak)
rCorr    .         Reflect  .   (no gloves)
MR       .....     Rnd*Rage +   (boots unavailable)
Stlth    ++........             (no amulet)
HPRegen  0.13/turn              (no ring)
MPRegen  0.10/turn              (no ring)

@: flying
A: never pass out, berserk 2, blurry vision 2, wild magic 1, MP-powered wands,
floating
a: no special abilities


You were on level 1 of the Dungeon.
You were not hungry.

You visited 1 branch of the dungeon, and saw 1 of its levels.

You collected 45 gold pieces.

Inventory:

Hand Weapons
 b - a +0 dagger (weapon)
Missiles
 d - 41 stones (quivered)
Armour
 a - a +0 robe (worn)
Wands
 c - a wand of flame (4)
Scrolls
 f - a scroll of remove curse {unknown}
 g - a scroll of immolation {unknown}
 i - a scroll of identify
 j - a scroll of enchant weapon {unknown}
Potions
 k - a potion of might {unknown}
Comestibles
 e - a ration {!d}
 h - 6 chunks of flesh


   Skills:
 + Level 2.0 Dodging
 + Level 1.8 Stealth
 + Level 3.1 Spellcasting
 + Level 1.1 Conjurations
 + Level 4.0 Fire Magic


You had 6 spell levels left.
You knew the following spells:

 Your Spells              Type           Power        Failure   Level  Hunger
a - Flame Tongue          Conj/Fire      ##...        10%         1    None

Your spell library contained the following spells:

 Spells                   Type           Power        Failure   Level  Hunger
 Flaming Arrows           Chrm/Fire      ##......     16%         2    #......
 Conjure Flame            Conj/Fire      ##......     26%         3    ####...
 Inner Flame              Hex/Fire       N/A          30%         3    ####...
 Sticky Flame             Conj/Fire      ##......     61%         4    #####..
 Fireball                 Conj/Fire      ##........   90%         5    ######.


Dungeon Overview and Level Annotations

Branches:
Dungeon (1/12)

Altars:


Innate Abilities, Weirdness & Mutations

You never pass out after going berserk.
You often lose your temper in combat.
Scrolls take you longer to read.
Your spells are a little harder to cast, but a little more powerful.
You expend magic power (3 MP) to strengthen your wands.
Your body floats in the air.


Message History

The giant cockroach is severely wounded.
The leopard gecko bites you but does no damage.
The giant cockroach barely misses you.
You hit the giant cockroach.
The giant cockroach is almost dead.
The leopard gecko misses you. The giant cockroach bites you.
* * * LOW HITPOINT WARNING * * *
You hit the giant cockroach but do no damage.
The giant cockroach is almost dead.
The leopard gecko bites you.
* * * LOW HITPOINT WARNING * * *
The giant cockroach barely misses you.
You hit the giant cockroach.
The giant cockroach is almost dead.
The giant cockroach closely misses you. The leopard gecko bites you.
* * * LOW HITPOINT WARNING * * *
You barely miss the giant cockroach.
The giant cockroach is almost dead.
The giant cockroach closely misses you. The leopard gecko bites you.
You die...

#####......##
......
#............
######
#..........#.
#..........#
#..........#
#....#######
#....#
#....#######$#
#...hl@s....[#
#....#######.#
###.## #..
#... #....
#....$ #.#####
#.#


You could see a leopard gecko, a jackal and a giant cockroach.

Vanquished Creatures
  A dart slug (D:1)
  A goblin (D:1)
  2 hobgoblins (D:1)
  A jackal (D:1)
  A ball python (D:1)
  A bat (D:1)
  A kobold (D:1)
  A rat (D:1)
9 creatures vanquished.

Notes
Turn   | Place    | Note
-------+----------+-------------------------------------------
     0 | D:1      | Baz the Djinni Fire Elementalist began the quest for the
                  | Orb.
     0 | D:1      | Reached XP level 1. HP: 14/14 MP: 4/4
   125 | D:1      | Reached skill level 4 in Fire Magic
   225 | D:1      | Reached XP level 2. HP: 20/20 MP: 3/6
   290 | D:1      | HP: 1/20 [leopard gecko (1)]
   291 | D:1      | Slain by a leopard gecko

Skill      XL: |  1 |
---------------+----+-----
Fire Magic     | 4 |  4.0
Dodging        | |  2.0
Stealth        | |  1.8
Spellcasting   | |  3.1
Conjurations   | |  1.1

Action                   || total
-------------------------++-------
Melee: Unarmed           ||     3
       Dagger            ||     9
 Cast: Flame Tongue      ||    19
Armor: Robe              ||     6
Dodge: Dodged            ||    22
